|
||||||||||||||||||||||||||||||||||||||||||||||||||||||||||||||||||||||||||||||||
| ||||||||||||||||||||||||||||||||||||||||||||||||||||||||||||||||||||||||||||||||
Bottom of the 3rd over - 0 runs, 0 hits, 0 errors, 0 left on base; Philadelphia 1 - Pittsburgh 0 |
TOP OF THE 4TH | |
---|---|
Philadelphia Phillies batting - Pitching for Pittsburgh Pirates : RHP Ian Toney | |
Batting: LHB Osamu Kubo | 0-0: Ground out 6-3 (Groundball, 6M, EV 90.0 MPH) |
Batting: RHB Chef Belew |
0-0: Called Strike 0-1: Ball 1-1: Ground out U3 (Groundball, 34S, EV 74.4 MPH) |
Batting: SHB Lance Franklin |
0-0: Called Strike 0-1: Foul Ball, location: 2F 0-2: Foul Ball, location: 2F 0-2: SOLO HOME RUN (Flyball, 78XD, EV 99.4 MPH), Distance : 406 ft |
Batting: RHB Melchor Sovrivilla |
0-0: Ball 1-0: Called Strike 1-1: Foul Ball, location: 2F 1-2: Fly out, F9 (Flyball, 9LSF, EV 94.4 MPH) |
Top of the 4th over - 1 run, 1 hit, 0 errors, 0 left on base; Philadelphia 2 - Pittsburgh 0 |
BOTTOM OF THE 4TH | |
---|---|
Pittsburgh Pirates batting - Pitching for Philadelphia Phillies : RHP James Woods Jr. | |
Batting: RHB Andrew Robinson |
0-0: Swinging Strike 0-1: Ball 1-1: SINGLE (Groundball, 56D, EV 97.5 MPH) |
Batting: LHB Pat Sutton |
0-0: Ball 1-0: Called Strike 1-1: Foul Ball, location: 2F 1-2: Ball 2-2: Strikes out swinging |
Batting: SHB Marvin McAleer |
0-0: Ball 1-0: Ball 2-0: Swinging Strike 2-1: Foul Ball, location: 2F 2-2: Foul Ball, location: 2F 2-2: Foul Ball, location: 2F 2-2: Strikes out looking |
Batting: RHB David Contreras |
0-0: Ball Wild Pitch! Andrew Robinson to second 1-0: Ball 2-0: Ball 3-0: Called Strike 3-1: Base on Balls |
Batting: LHB Marc Carter |
0-0: Called Strike 0-1: Swinging Strike 0-2: Ball 1-2: Strikes out swinging |
Bottom of the 4th over - 0 runs, 1 hit, 0 errors, 2 left on base; Philadelphia 2 - Pittsburgh 0 |
TOP OF THE 5TH | |
---|---|
Philadelphia Phillies batting - Pitching for Pittsburgh Pirates : RHP Ian Toney | |
Batting: RHB Josh Hensley |
0-0: Called Strike 0-1: Called Strike 0-2: Ball 1-2: Foul Ball, location: 2F 1-2: DOUBLE (Line Drive, 89D, EV 110.0 MPH) |
Batting: LHB Mike Davis |
0-0: Ball 1-0: Foul Ball, location: 2F 1-1: Ball 2-1: Ball 3-1: Base on Balls |
Batting: LHB Jim Beaver |
0-0: Called Strike 0-1: Foul Ball, location: 2F 0-2: Fielders Choice at 2nd, 1-4 (Groundball, 15S, EV 73.1 MPH) Josh Hensley to third |
Batting: LHB Jeff Luvisi |
0-0: Ball 1-0: Ball 2-0: Called Strike 2-1: Grounds into double play, 6-4-3 (Groundball, 6, EV 84.4 MPH) |
Top of the 5th over - 0 runs, 1 hit, 0 errors, 1 left on base; Philadelphia 2 - Pittsburgh 0 |
BOTTOM OF THE 5TH | |
---|---|
Pittsburgh Pirates batting - Pitching for Philadelphia Phillies : RHP James Woods Jr. | |
Batting: SHB Brad Day |
0-0: Ball 1-0: Ball 2-0: Foul Ball, location: 2F 2-1: Ball 3-1: SINGLE (Line Drive, 9S, EV 110.0 MPH) |
Batting: RHB Eisse Bravenboer |
0-0: Ball 1-0: Called Strike 1-1: Ball 2-1: Ball 3-1: SINGLE (Groundball, 34D, EV 98.8 MPH) Brad Day to second Runner from 2nd tries for 3rd, SAFE, throw by RF made to third |
Batting: RHB Bubba Tierney |
0-0: Hit by Pitch Eisse Bravenboer to second |
Batting: RHB Luis Ramos |
0-0: Ball 1-0: Ball 2-0: Called Strike 2-1: Swinging Strike 2-2: Foul Ball, location: 2F 2-2: Ball 3-2: Strikes out looking |
Batting: RHB Andrew Robinson |
0-0: Called Strike 0-1: Foul Ball, location: 2F 0-2: Foul Ball, location: 2F 0-2: Ball 1-2: Ground out 5-3 (Groundball, 56S, EV 74.4 MPH) Brad Day scores Eisse Bravenboer to third Bubba Tierney to second |
Batting: LHB Pat Sutton |
0-0: Called Strike 0-1: Ball 1-1: Foul Ball, location: 2F 1-2: Ball 2-2: Ball 3-2: Base on Balls |
Batting: SHB Marvin McAleer |
0-0: Ball 1-0: Called Strike 1-1: Foul Ball, location: 2F 1-2: GRAND SLAM HOME RUN (Flyball, 9D, EV 106.9 MPH), Distance : 416 ft |
Pitching: RHP Josh Cornishen | |
Batting: RHB David Contreras |
0-0: Called Strike 0-1: Called Strike 0-2: Ground out 6-3 (Groundball, 6, EV 111.2 MPH) |
Bottom of the 5th over - 5 runs, 3 hits, 0 errors, 0 left on base; Philadelphia 2 - Pittsburgh 5 |
TOP OF THE 6TH | |
---|---|
Philadelphia Phillies batting - Pitching for Pittsburgh Pirates : RHP Ian Toney | |
Batting: LHB Nick Canizales |
0-0: Foul Ball, location: 2F 0-1: Called Strike 0-2: Strikes out looking |
Batting: LHB Osamu Kubo |
0-0: Foul Ball, location: 2F 0-1: Ground out 6-3 (Groundball, 6S, EV 65.6 MPH) |
Batting: RHB Chef Belew |
0-0: Ball 1-0: Ball 2-0: Foul Ball, location: 2F 2-1: Foul Ball, location: 2F 2-2: Fly out, F8 (Flyball, 78D, EV 96.2 MPH) |
Top of the 6th over - 0 runs, 0 hits, 0 errors, 0 left on base; Philadelphia 2 - Pittsburgh 5 |
BOTTOM OF THE 6TH | |
---|---|
Pittsburgh Pirates batting - Pitching for Philadelphia Phillies : RHP Josh Cornishen | |
Batting: LHB Marc Carter |
0-0: Ball 1-0: Called Strike 1-1: Ball 2-1: Foul Ball, location: 2F 2-2: SOLO HOME RUN (Flyball, 9D, EV 103.1 MPH), Distance : 386 ft |
Batting: SHB Brad Day |
0-0: Called Strike 0-1: Ball 1-1: Ball 2-1: Swinging Strike 2-2: Fly out, F8 (Flyball, 8LM, EV 86.2 MPH) |
Batting: RHB Eisse Bravenboer |
0-0: Ball 1-0: DOUBLE (Line Drive, 9LM, EV 113.1 MPH) |
Batting: RHB Bubba Tierney |
0-0: Ball 1-0: Called Strike 1-1: Swinging Strike 1-2: Strikes out looking |
Pitching: LHP John Murray | |
Batting: RHB Luis Ramos |
0-0: Ball 1-0: Foul Ball, location: 2F 1-1: Called Strike 1-2: Ground out U3 (Groundball, 34S, EV 85.0 MPH) |
Bottom of the 6th over - 1 run, 2 hits, 0 errors, 1 left on base; Philadelphia 2 - Pittsburgh 6 |
TOP OF THE 7TH | |
---|---|
Philadelphia Phillies batting - Pitching for Pittsburgh Pirates : RHP Ian Toney | |
Batting: SHB Lance Franklin |
0-0: Foul Ball, location: 2F 0-1: Called Strike 0-2: Foul Ball, location: 2F 0-2: SINGLE (Line Drive, 78S, EV 95.0 MPH) |
Batting: RHB Melchor Sovrivilla |
0-0: Foul Ball, location: 2F 0-1: Called Strike 0-2: Strikes out swinging |
Batting: RHB Josh Hensley |
0-0: Called Strike 0-1: Foul Ball, location: 2F 0-2: Ball 1-2: Grounds into double play, 6-4-3 (Groundball, 6, EV 91.9 MPH) |
Top of the 7th over - 0 runs, 1 hit, 0 errors, 0 left on base; Philadelphia 2 - Pittsburgh 6 |
BOTTOM OF THE 7TH | |
---|---|
Pittsburgh Pirates batting - Pitching for Philadelphia Phillies : LHP John Murray | |
Batting: RHB Andrew Robinson |
0-0: Ball 1-0: Called Strike 1-1: Foul Ball, location: 2F 1-2: Ball 2-2: Ball 3-2: Ground out 6-3 (Groundball, 6S, EV 78.1 MPH) |
Batting: LHB Pat Sutton |
0-0: Ball 1-0: SINGLE (Line Drive, 78S, EV 103.1 MPH) |
Batting: SHB Marvin McAleer |
0-0: Called Strike 0-1: Fielders Choice at 2nd, 5-4 (Groundball, 56S, EV 90.0 MPH) |
Batting: RHB David Contreras |
0-0: Called Strike Marvin McAleer steals 2nd base (no throw) 0-1: Ball 1-1: Foul Ball, location: 2F 1-2: Foul Ball, location: 2F 1-2: Ball 2-2: Strikes out looking |
Bottom of the 7th over - 0 runs, 1 hit, 0 errors, 1 left on base; Philadelphia 2 - Pittsburgh 6 |
TOP OF THE 8TH | |
---|---|
Philadelphia Phillies batting - Pitching for Pittsburgh Pirates : RHP Ian Toney | |
Batting: LHB Mike Davis |
0-0: Called Strike 0-1: Ball 1-1: Fly out, F9 (Flyball, 9D, EV 89.4 MPH) |
Batting: LHB Jim Beaver |
0-0: Foul Ball, location: 2F 0-1: Ball 1-1: Foul Ball, location: 2F 1-2: Ball 2-2: Ground out 4-3 (Groundball, 4, EV 83.1 MPH) |
Batting: LHB Jeff Luvisi |
0-0: Foul Ball, location: 2F 0-1: Ball 1-1: SINGLE (Line Drive, 5D, EV 96.9 MPH) |
Pitching: RHP Antonio Alvarez | |
Batting: LHB Nick Canizales |
0-0: Foul Ball, location: 2F 0-1: Swinging Strike 0-2: Strikes out swinging |
Top of the 8th over - 0 runs, 1 hit, 0 errors, 1 left on base; Philadelphia 2 - Pittsburgh 6 |
BOTTOM OF THE 8TH | |
---|---|
Pittsburgh Pirates batting - Pitching for Philadelphia Phillies : LHP John Murray | |
Pitching: LHP Lennart Hjelm | |
Batting: LHB Marc Carter | 0-0: Ground out 4-3 (Groundball, 4, EV 86.9 MPH) |
Batting: SHB Brad Day |
0-0: Swinging Strike 0-1: Foul Ball, location: 2F 0-2: Ground out 6-3 (Groundball, 6, EV 81.9 MPH) |
Batting: RHB Eisse Bravenboer |
0-0: Called Strike 0-1: Fly out, F4 (Popup, 34S, EV 80.0 MPH) |
Bottom of the 8th over - 0 runs, 0 hits, 0 errors, 0 left on base; Philadelphia 2 - Pittsburgh 6 |
TOP OF THE 9TH | |
---|---|
Philadelphia Phillies batting - Pitching for Pittsburgh Pirates : RHP Antonio Alvarez | |
Batting: LHB Osamu Kubo |
0-0: Foul Ball, location: 2F 0-1: DOUBLE (Line Drive, 78XD, EV 114.4 MPH) |
Batting: RHB Chef Belew |
0-0: Called Strike 0-1: Ball 1-1: Ground out U3 (Groundball, 3, EV 83.1 MPH) Osamu Kubo to third |
Batting: SHB Lance Franklin |
0-0: Reached on error, E5 (Groundball, 56, EV 111.2 MPH) Osamu Kubo scores |
Batting: RHB Melchor Sovrivilla |
0-0: Called Strike 0-1: Fly out, F9 (Flyball, 89M, EV 91.2 MPH) |
Batting: LHB Xavier Pittman | 0-0: Fly out, F8 (Flyball, 8LM, EV 93.1 MPH) |
Top of the 9th over - 1 run, 1 hit, 1 error, 1 left on base; Philadelphia 3 - Pittsburgh 6 |
Tuesday, September 13th , 2022 - OOTP Baseball 23.7 Build 88 |